 Dungeon Crawl Stone Soup version 0.21.1-1-g345015f (webtiles) character file.

99171 VersusAllOdds the Protected (level 16, -1/105 HPs)
             Began as a Gargoyle Fighter on July 28, 2018.
             Was the Champion of the Shining One.
             Killed from afar by an air elemental (4 damage)
             ... with a tornado
             ... on level 1 of the Elven Halls.
             The game lasted 03:04:38 (33240 turns).

VersusAllOdds the Protected (Gargoyle Fighter)     Turns: 33240, Time: 03:04:39

Health: -1/105     AC: 34    Str: 19    XL:     16   Next: 24%
Magic:  0/26       EV:  8    Int: 17    God:    the Shining One [******]
Gold:   1305       SH: 14    Dex: 10    Spells: 27/29 levels left

rFire    . . .     SeeInvis .   B - +3 flail
rCold    . . .     Gourm    .   c - +1 shield
rNeg     + + +     Faith    .   e - +3 chain mail {rN+}
rPois    ∞         Spirit   +   S - +1 helmet
rElec    +         Reflect  .   P - scarf {Spirit}
rCorr    +         Harm     .   W - +0 pair of gloves of Otuemm {Int+3}
MR       +++++     Clarity  +   D - +1 pair of boots
Stlth    ..........             O - amulet of the Four Winds {rN+ MR+++ Clar}
HPRegen  0.27/turn              l - ring of protection from magic
MPRegen  0.20/turn              a - ring of resist corrosion

@: flying (expiring), hasted, glowing, very quick
A: big wings, negative energy resistance 1, electricity resistance, weak 1,
unbreathing, petrification resistance, rot immunity, AC +12
a: Fly, Divine Shield, Cleansing Flame, Summon Divine Warrior, Brand Weapon With
Holy Wrath, Renounce Religion


You were on level 1 of the Elven Halls.
You worshipped the Shining One.
The Shining One was exalted by your worship.
You were not hungry.

You visited 5 branches of the dungeon, and saw 23 of its levels.

You collected 2141 gold pieces.
You spent 836 gold pieces at shops.

Inventory:

Hand Weapons
 B - a +3 flail (weapon)
Armour
 c - a +1 shield (worn)
 e - a +3 chain mail of positive energy (worn)
 D - a +1 pair of boots (worn)
 P - a scarf of spirit shield (worn)
 S - a +1 helmet (worn)
 W - the +0 pair of gloves of Otuemm (worn) {Int+3}
   (You bought it in a shop on level 10 of the Dungeon)

   It affects your intelligence (+3).
Jewellery
 a - a ring of resist corrosion (right hand)
 l - a ring of protection from magic (left hand)
 s - a +1 ring of slaying {unknown}
 z - an uncursed ring of protection from cold
 G - a +2 amulet of reflection
 O - the amulet of the Four Winds (around neck) {rN+ MR+++ Clar}
   (You bought it in a shop on level 5 of the Dungeon)

   [amulet of nothing]

   It protects you from negative energy.
   It affects your resistance to hostile enchantments.
   It protects you against confusion.
Wands
 b - a wand of iceblast (18)
 y - a wand of polymorph (35)
 F - a wand of flame (15)
 L - a wand of paralysis (7)
 R - a wand of acid (15)
 T - a wand of disintegration (23)
 Y - a wand of digging (20)
Scrolls
 h - 9 scrolls of remove curse
 n - 4 scrolls of amnesia
 E - 3 scrolls of enchant armour
 H - 3 scrolls of enchant weapon
 I - 2 scrolls of teleportation
 K - 7 scrolls of identify
 Q - 2 scrolls of noise {unknown}
 V - a scroll of summoning {unknown}
 Z - a scroll of vulnerability {unknown}
Potions
 d - 2 potions of might
 g - 6 potions of resistance
 j - 2 potions of berserk rage
 k - 4 potions of degeneration
 m - 2 potions of brilliance
 o - 3 potions of cancellation
 r - 3 potions of lignification
 t - 2 potions of agility
 u - 3 potions of mutation
 v - 5 potions of curing
 x - 4 potions of flight
 M - 3 potions of magic
Books
 i - a book of Minor Magic

   Spells                             Type                      Level
   a - Magic Dart                     Conjuration                  1
   b - Blink                          Translocation                2
   c - Call Imp                       Summoning                    2
   d - Slow                           Hexes                        2
   e - Conjure Flame                  Conjuration/Fire             3
   f - Mephitic Cloud                 Conjuration/Poison/Air       3
 p - a book of Transfigurations

   Spells                             Type                      Level
   a - Irradiate                      Conjuration/Transmutation    5
   b - Statue Form                    Transmutation/Earth          6
   c - Hydra Form                     Transmutation                6
   d - Dragon Form                    Transmutation                7
 q - a book of Clouds

   Spells                             Type                      Level
   a - Poisonous Vapours              Poison/Air                   2
   b - Mephitic Cloud                 Conjuration/Poison/Air       3
   c - Conjure Flame                  Conjuration/Fire             3
   d - Freezing Cloud                 Conjuration/Ice/Air          6
   e - Ring of Flames                 Charms/Fire                  7
 w - a book of Flames

   Spells                             Type                      Level
   a - Flame Tongue                   Conjuration/Fire             1
   b - Throw Flame                    Conjuration/Fire             2
   c - Conjure Flame                  Conjuration/Fire             3
   d - Inner Flame                    Hexes/Fire                   3
   e - Sticky Flame                   Conjuration/Fire             4
   f - Fireball                       Conjuration/Fire             5
 J - a book of Enchantments

   Spells                             Type                      Level
   a - Cause Fear                     Hexes                        4
   b - Yara's Violent Unravelling     Hexes/Transmutation          5
   c - Silence                        Hexes/Air                    5
   d - Deflect Missiles               Charms/Air                   6
   e - Discord                        Hexes                        8
 N - a book of Battle

   Spells                             Type                      Level
   a - Infusion                       Charms                       1
   b - Shroud of Golubria             Charms/Translocation         2
   c - Song of Slaying                Charms                       2
   d - Spectral Weapon                Hexes/Charms                 3
   e - Regeneration                   Charms/Necromancy            3
Comestibles
 f - 27 rations


   Skills:
 + Level 13.7 Fighting
 + Level 12.6 Maces & Flails
 + Level 13.9 Armour
 - Level 0.8 Dodging
 - Level 0.1 Stealth
 + Level 13.8 Shields
 - Level 7.0 Spellcasting
 - Level 7.0 Translocations
 + Level 10.2 Invocations


You had 27 spell levels left.
You knew the following spells:

 Your Spells              Type           Power        Failure   Level  Hunger
a - Blink                 Tloc           N/A          7%          2    None


Dungeon Overview and Level Annotations

Branches:
Dungeon (13/15)            Temple (1/1) D:4            Lair (6/6) D:10
 Shoals (0/4) Lair:3       Spider (0/4) Lair:2        Slime (0/5) Lair:5
    Orc (2/2) D:11            Elf (1/3) Orc:2
 Vaults: D:13-14

Altars:
Ashenzari
Cheibriados
Dithmenos
Elyvilon
Fedhas
Gozag
Hepliaklqana
Kikubaaqudgha
Makhleb
Nemelex Xobeh
Okawaru
Qazlal
Ru
Sif Muna
Trog
Uskayaw
Vehumet
Wu Jian
Xom
Yredelemnul
Zin
The Shining One

Shops:
D:5 =   D:10 [   Orc:1 (   Orc:2 ([*:   Elf:1 (

Annotations:
Lair:5 exclusion: 2 oklob plants


Innate Abilities, Weirdness & Mutations

You are resistant to torment.
Your stone body is resilient. (AC +12)
You are immune to poison.
Your large and strong wings let you fly indefinitely.
You resist negative energy. (rN+)
You are resistant to electric shocks. (rElec)
You can survive without breathing.
You are immune to petrification.
You are immune to rotting.
You are weak. (Str -2)


Message History

The air elemental barely misses you.
The deep elf mage gestures wildly while chanting.
You block the air elemental's attack. You block the air elemental's attack.
You block the air elemental's attack.
You see here a long sword.
You block the air elemental's attack.
Okay, then.
Okay, then.
The winds around the air elemental calm down.
The air elemental hits you but does no damage.
A vortex of raging winds appears around the air elemental!
The deep elf knight shoots an arrow.
The arrow hits you but does no damage.
The air elemental hits you but does no damage.
The vortex of raging winds lifts you up.
You fly up into the air.
* * * LOW HITPOINT WARNING * * *
The deep elf knight gestures wildly while chanting.
The deep elf knight flickers and vanishes for a moment.
You die...

##§# #...# #§# #.#.##### #
#§# #.......# #####§####
#.....8.######
.##......####(......'..[(##
#....§..(.........)e')...(#
##...§....####....).'(<...#
#....§...# #...)..')[...#
##....E..# #..@...'....##
###.Ye..# #.E..8.######
######..e.####§§....#
.........heee§#.#####
####.....§ee#§§.#
###....####### #....#
#....# #....#


You could see 3 deep elf knights and an air elemental.

Vanquished Creatures
  Gastronok (Lair:1)
  Kirke (D:12)
  An orc warlord (Orc:1)
  A deep elf demonologist (Orc:2)
  A deep elf annihilator (Orc:2)
  A deep elf death mage (Orc:2)
  Josephine (Lair:5)
  9 hydras
  A catoblepas (Lair:6)
  2 two-headed ogres
  14 death yaks
  A dancing weapon (Elf:1)
  A deep troll shaman (Lair:6)
  4 orc high priests (Orc:2)
  Sonja (D:11)
  5 deep elf knights
  Urug (Lair:3)
  Nergalle (Lair:1)
  The ghost of Rwicked the Cleaver, a novice MiBe of Trog (D:8)
  2 deep elf archers (Elf:1)
  4 orc knights
  A necromancer (Lair:2)
  13 deep elf magi
  The ghost of snakesoul the Spear-Bearer, a novice MfFi of Yredelemnul (D:6)
  5 orc sorcerers
  2 ugly things (D:9)
  2 cyclopes
  20 elephants
  2 merfolk sirens (Lair:3)
  Maurice (D:12)
  A centaur zombie (D:6)
  10 black mambas
  A gargoyle (D:12)
  14 spiny frogs
  3 torpor snails
  A kobold demonologist (D:12)
  2 komodo dragons
  5 rime drakes
  The ghost of aaksess the Chiller, an amateur DrIE (D:4)
  5 trolls
  A queen bee (Lair:1)
  3 polar bears (Lair:6)
  26 blink frogs
  9 dream sheep
  A redback (Lair:2)
  7 hippogriffs
  2 air elementals (Elf:1)
  3 wyverns
  A vampire (D:9)
  5 wraiths
  2 hogs (D:11)
  45 yaks
  3 hungry ghosts
  2 fire elementals
  2 basilisks
  2 wargs (Orc:2)
  3 vampire mosquitoes (D:13)
  A soldier ant (D:12)
  A hell hound (Elf:1)
  12 water moccasins
  34 orc warriors
  12 porcupines
  3 ice beasts
  5 black bears
  2 phantoms
  3 ogres
  4 wolves (Lair:6)
  6 centaurs
  12 crocodiles
  2 big kobolds
  16 bullfrogs
  3 wyvern skeletons
  2 scorpions
  A water moccasin skeleton (D:9)
  3 troll zombies
  12 wights
  34 killer bees
  A howler monkey (D:13)
  An electric eel (Lair:3)
  2 crimson imps
  3 bullfrog zombies
  7 jellies
  A bullfrog skeleton (D:2)
  3 centaur skeletons
  A gnoll shaman (D:3)
  4 hounds
  13 orc priests
  20 orc wizards
  3 iguanas (D:9)
  9 worker ants
  5 hell rats (Lair:4)
  A polar bear simulacrum (Lair:2)
  4 yak simulacra (Lair:2)
  5 ogre zombies (D:11)
  A hound zombie (D:11)
  2 hound skeletons
  12 adders
  3 gnolls (D:4)
  8 oozes
  An adder skeleton (D:4)
  An adder zombie (D:4)
  3 worms
  2 dart slugs
  2 leopard geckos
  74 orcs
  5 ball pythons
  5 giant cockroaches
  2 gnoll zombies (D:7)
  8 goblins
  8 hobgoblins
  4 jackals (D:3)
  6 quokkas
  A ball python skeleton (D:5)
  10 bats
  8 frilled lizards
  2 goblin skeletons (D:11)
  3 goblin zombies (D:11)
  3 hobgoblin skeletons (D:11)
  A hobgoblin zombie (D:11)
  A jackal skeleton (D:5)
  19 kobolds
  A leopard gecko skeleton (D:5)
  3 orc skeletons (D:11)
  12 orc zombies (D:11)
  A quokka skeleton (D:7)
  6 rats
  6 river rat simulacra (Lair:2)
736 creatures vanquished.

Vanquished Creatures (collateral kills)
  Azrael (Elf:1)
  A dancing weapon (Elf:1)
  2 deep elf magi (Elf:1)
4 creatures vanquished.

Vanquished Creatures (others)
  A deep elf archer (Elf:1)
  An air elemental (Elf:1)
  A centaur (D:12)
  4 orcs
  A bush (Lair:5)
  8 fungi
  11 plants
27 creatures vanquished.

Grand Total: 767 creatures vanquished

Notes
Turn   | Place    | Note
-------+----------+-------------------------------------------
     0 | D:1      | VersusAllOdds the Gargoyle Fighter began the quest for the Orb.
     0 | D:1      | Reached XP level 1. HP: 14/14 MP: 1/1
   122 | D:1      | Reached XP level 2. HP: 19/19 MP: 2/2
   205 | D:1      | You fall through a shaft!
   365 | D:2      | Reached XP level 3. HP: 20/23 MP: 3/3
   523 | D:2      | Found a faded altar of an unknown god.
   539 | D:2      | Reached XP level 4. HP: 24/29 MP: 4/4
   755 | D:2      | Found an iron altar of Okawaru.
   963 | D:2      | Found a shattered altar of Ashenzari.
  1693 | D:3      | Reached XP level 5. HP: 27/33 MP: 5/5
  2380 | D:4      | Noticed aaksess's ghost (amateur DrIE)
  2489 | D:4      | Found a staircase to the Ecumenical Temple.
  2534 | Temple   | Entered the Ecumenical Temple
  2908 | Temple   | Became a worshipper of the Shining One
  3738 | D:4      | Reached XP level 6. HP: 32/38 MP: 6/6
  3958 | D:4      | Found a burning altar of Makhleb.
  4192 | D:5      | Entered Level 5 of the Dungeon
  4383 | D:5      | Found a glowing silver altar of Zin.
  4394 | D:5      | Found Fusautost's Jewellery Shoppe.
  4439 | D:5      | Found a shimmering altar of Xom.
  4458 | D:5      | Noticed an ice beast
  4660 | D:5      | Noticed an ice beast
  4897 | D:5      | Reached skill level 5 in Armour
  4997 | D:5      | Found a stormy altar of Qazlal.
  5199 | D:6      | Found a radiant altar of Vehumet.
  5214 | D:6      | Reached skill level 5 in Shields
  5222 | D:6      | Reached XP level 7. HP: 42/44 MP: 7/7
  5600 | D:6      | Reached skill level 5 in Fighting
  5626 | D:6      | Reached * piety under the Shining One
  5691 | D:6      | Noticed snakesoul's ghost (novice MfFi)
  5935 | D:6      | Reached skill level 5 in Maces & Flails
  5935 | D:6      | Reached XP level 8. HP: 46/51 MP: 8/8
  6776 | D:7      | Reached ** piety under the Shining One
  6796 | D:7      | Identified a scroll of acquirement
  6810 | D:7      | Found an ancient bone altar of Kikubaaqudgha.
  6839 | D:7      | Found an ornate altar of the Wu Jian Council.
  7291 | D:5      | Reached XP level 9. HP: 51/56 MP: 9/9
  7934 | D:7      | Got a brightly glowing bone amulet
  8320 | D:7      | Found a basalt altar of Yredelemnul.
  8516 | D:8      | Found a blossoming altar of Fedhas.
  8644 | D:8      | You fall through a shaft for 3 floors!
  9047 | D:11     | Reached XP level 10. HP: 64/64 MP: 10/10
  9080 | D:10     | Entered Level 10 of the Dungeon
  9142 | D:10     | Found a staircase to the Lair.
  9174 | D:9      | Noticed a white ugly thing
  9407 | D:10     | Reached *** piety under the Shining One
  9536 | D:10     | Found Vasivud's Antique Armour Emporium.
  9876 | D:9      | Found a shadowy altar of Dithmenos.
 10437 | D:8      | Noticed Rwicked's ghost (novice MiBe)
 11025 | D:6      | Killed snakesoul's ghost
 11228 | D:4      | Found a deep blue altar of Sif Muna.
 11228 | D:4      | Found a hide-covered altar of Uskayaw.
 11653 | D:4      | Killed aaksess's ghost
 12162 | D:8      | Killed Rwicked's ghost
 12162 | D:8      | Reached XP level 11. HP: 43/71 MP: 11/11
 12801 | D:9      | Killed a white ugly thing
 13141 | D:10     | Reached **** piety under the Shining One
 13148 | D:10     | Reached skill level 10 in Armour
 13148 | D:10     | Reached skill level 10 in Shields
 13239 | D:10     | Noticed a white ugly thing
 13284 | D:9      | Killed a white ugly thing
 13486 | D:11     | Noticed a four-headed hydra
 13531 | D:11     | Noticed Sonja
 13620 | D:11     | Identified the amulet "Xaceckem" {Harm *Drain rPois rN+ MR-} (You took it off an orc on level 7 of the Dungeon)
 13643 | D:11     | Killed a four-headed hydra
 13643 | D:11     | Reached skill level 10 in Fighting
 13861 | D:11     | Reached ***** piety under the Shining One
 14117 | D:11     | Found a staircase to the Orcish Mines.
 14223 | D:11     | Reached skill level 1 in Invocations
 14316 | D:11     | Noticed a manticore
 14493 | D:10     | Learned a level 2 spell: Blink
 14643 | D:11     | Noticed a two-headed ogre
 14714 | Lair:1   | Entered Level 1 of the Lair of Beasts
 14738 | D:10     | Reached skill level 1 in Spellcasting
 14738 | D:10     | Reached skill level 1 in Translocations
 15256 | Lair:1   | Noticed a seven-headed hydra
 15391 | Lair:1   | Noticed Gastronok
 15419 | Lair:1   | Reached XP level 12. HP: 37/77 MP: 17/17
 15654 | Lair:1   | Killed Gastronok
 15654 | Lair:1   | Reached skill level 5 in Spellcasting
 15654 | Lair:1   | Reached skill level 5 in Translocations
 16278 | D:12     | Noticed Maurice
 16299 | D:12     | Killed Maurice
 16346 | D:12     | Noticed a soul eater
 16704 | D:12     | Noticed Kirke
 16747 | D:11     | Paralysed by Sonja for 2 turns
 16750 | D:11     | Killed Sonja
 16923 | D:11     | Killed a two-headed ogre
 17103 | D:5      | Bought the amulet of the Four Winds {rN+ MR+++ Clar} for 570 gold pieces
 17103 | D:5      | Found the amulet of the Four Winds {rN+ MR+++ Clar}
 17792 | D:12     | Killed Kirke
 17844 | D:12     | Noticed a two-headed ogre
 17855 | D:12     | Killed a two-headed ogre
 18160 | D:13     | Reached ****** piety under the Shining One
 18385 | D:13     | Reached XP level 13. HP: 73/84 MP: 16/21
 18706 | Lair:1   | Reached skill level 10 in Maces & Flails
 19227 | Lair:1   | Noticed Nergalle
 19244 | Lair:1   | Killed Nergalle
 19762 | Lair:2   | Reached skill level 5 in Invocations
 19931 | Lair:2   | Found a hole to the Spider Nest.
 20170 | Lair:2   | Got an ancient great sword
 20176 | Lair:2   | Identified the +6 great sword "Icwuf" {flame, SInv Stlth+} (You found it on level 2 of the Lair of Beasts)
 20978 | D:10     | Bought a pair of faintly glowing gloves for 266 gold pieces
 20983 | D:10     | Identified the cursed +0 pair of gloves of Otuemm {Int+3} (You bought it in a shop on level 10 of the Dungeon)
 21599 | Lair:3   | Noticed Urug
 21617 | Lair:3   | Killed Urug
 21943 | Lair:3   | Found a staircase to the Shoals.
 22339 | Orc:1    | Entered Level 1 of the Orcish Mines
 22339 | Orc:1    | Found Joicef's Antique Weapon Shoppe.
 22629 | Orc:2    | Entered Level 2 of the Orcish Mines
 22629 | Orc:2    | Found a staircase to the Elven Halls.
 23024 | Orc:2    | Noticed an orc warlord
 23787 | Lair:4   | Gained mutation: Your large and strong wings let you fly indefinitely. [Gargoyle growth]
 23787 | Lair:4   | Reached XP level 14. HP: 90/90 MP: 24/24
 26006 | Lair:5   | Noticed Josephine
 26023 | Lair:5   | Killed Josephine
 26239 | Lair:5   | Found a staircase to the Slime Pits.
 26827 | Lair:6   | Entered Level 6 of the Lair of Beasts
 27277 | Lair:6   | Reached XP level 15. HP: 82/97 MP: 20/25
 29581 | Orc:1    | Killed an orc warlord
 29626 | Orc:2    | Gained mutation: You are weak. (Str -2) [a neqoxec]
 30969 | Orc:2    | Found Eweufug's General Store.
 30970 | Orc:2    | Found Tunny's Book Emporium.
 30971 | Orc:2    | Found Feseishra's Antique Armour Shoppe.
 30971 | Orc:2    | Found Latakun's Antique Weapon Shoppe.
 31408 | Elf:1    | Entered Level 1 of the Elven Halls
 32011 | Orc:2    | Reached XP level 16. HP: 45/104 MP: 12/26
 32673 | Elf:1    | Noticed an Ice Fiend
 32718 | Orc:2    | Reached skill level 10 in Invocations
 32901 | Elf:1    | Noticed a Tzitzimitl
 33116 | Elf:1    | Noticed Azrael
 33189 | Elf:1    | Killed Azrael
 33212 | Elf:1    | Found Saimm's Antique Weapon Boutique.
 33229 | Elf:1    | HP: 3/105 [deep elf mage/bolt of cold (12)]
 33238 | Elf:1    | HP: 2/105 [air elemental/tornado (2)]
 33240 | Elf:1    | Killed from afar by an air elemental

Skill      XL: |  1  2  3  4  5  6  7  8  9 10 11 12 13 14 15 16 |
---------------+-------------------------------------------------+-----
Armour         | 4 5 6 7 8 9 10 11 12 13 | 13.9
Shields        | 4 5 6 7 8 9 10 11 12 13 | 13.8
Maces & Flails | 3 5 7 8 9 10 11 12 | 12.6
Fighting       | 4 5 6 8 9 10 11 12 13 | 13.7
Invocations    | 1 4 6 8 9 10 | 10.2
Spellcasting   | 3 5 6 7 |  7.0
Translocations | 3 5 6 7 |  7.0
Dodging        | |  0.8
Stealth        | |  0.1

Action                   |  1- 3 |  4- 6 |  7- 9 | 10-12 | 13-15 | 16-18 || total
-------------------------+-------+-------+-------+-------+-------+-------++-------
Melee: Flail             |   100 |   332 |   316 |   885 |  2376 |   225 ||  4234
 Cast: Blink             |       |       |       |       |     2 |       ||     2
Invok: Summon Divine War |       |       |       |       |       |     1 ||     1
  Use: Scroll            |       |    14 |     4 |    10 |     6 |     2 ||    36
       Potion            |       |       |     1 |     2 |     2 |     4 ||     9
  Eat: Chunk             |       |     6 |     8 |    14 |    25 |       ||    53
       Ration            |       |     3 |     1 |     8 |     7 |     1 ||    20
Armor: Scale mail        |    74 |   198 |    98 |       |       |       ||   370
       Chain mail        |       |       |    99 |   442 |  1496 |   128 ||  2165
Dodge: Dodged            |    36 |   104 |   134 |   182 |   673 |    52 ||  1181
Block: Shield            |    73 |   190 |   243 |   543 |  1663 |   147 ||  2859
       Reflection        |       |       |       |     8 |       |       ||     8
